[Event "Torneo Nuevo Centro. Jornada 10"]
[Site "Chess.com"]
[Date "2020.08.21"]
[Round "6"]
[White "Serarols Mabras, Bernat"]
[Black "Leal Uribe, Jhonny Alberto"]
[Result "1-0"]
[WhiteElo "2432"]
[BlackElo "2440"]
[TimeControl "180+2"]
[EndTime "11:38:22 PDT"]
[Termination "Victoria de bernatserarols por abandono"]

1. d4 d5 2. c4 e6 3. Nf3 Bb4+ 4. Bd2 Bxd2+ 5. Nbxd2 Nf6 6. g3 O-O 7. Bg2 b6 8. O-O dxc4 9. Nxc4 Bb7 10. Rc1 Nbd7 11.
Nce5 Rc8 12. Nc6 Bxc6 13. Rxc6 Nb8 14. Rc4 b5 15. Rc3 Nd5 16. Rc1 Qe7 17. Ne1 Rfd8 18.
Nd3 Nb6 19. e3 N8d7 20. Qc2 e5 21. Nxe5 Nxe5 22. dxe5 Qxe5 23. Bb7 Rb8 24. Bc6 Nc4 25. b3 Rd2 26. Qc3 Qxc3 27. Rxc3 Ne5 28. Be4 Rxa2 29. Rxc7 Rd8 30. Rfc1 g6 31. Rc8 Rxc8 32. Rxc8+ Kg7 33. h3 Ra3 34. Bd5 Nd3 35. Rc7 Nb4 36. Bxf7 Kf6 37.
Bg8 h5 38. Rb7 a6 39. Bh7 g5 40. Rb6+ Kg7 41. Be4 Rxb3 42. Rg6+ Kf7 43. Rxg5 Na2 44.
Bd5+ Kf6 45. Bxb3 Kxg5 46. Bxa2 a5 47. f4+ Kf5 48. Bb1+ Ke6 49. g4 hxg4 50. hxg4 b4 51. Bc2 Kd5 52. g5 Kc4 53. g6 b3 54. Bxb3+ Kxb3 55.
g7 a4 56. g8=Q+ Kb2 57. Qc4 1

[Event "Torneo Nuevo Centro. Jornada 10"]
[Site "Chess.com"]
[Date "2020.08.21"]
[Round "6"]
[White "Conon, Catalin"]
[Black "Luque Saiz, Andrés"]
[Result "1-0"]
[WhiteElo "1933"]
[BlackElo "2033"]
[TimeControl "180+2"]
[EndTime "11:38:22 PDT"]
[Termination "Victoria de CatalinConon por jaque mate"]

1. e4 c6 2. d4 d5 3. exd5 cxd5 4. Bd3 Nc6 5. c3 Qc7 6. h3 Bd7 7. Nf3 e6 8. O-O Bd6 9. Nbd2 Nge7 10. Nb3 f6 11.
Be3 g5 12. c4 dxc4 13. Bxc4 O-O-O 14. Rc1 h5 15. d5 exd5 16. Bxd5 Nxd5 17. Qxd5 Bxh3 18.
Qb5 Bd7 19. Nfd4 h4 20. Na5 a6 21. Qa4 Bh2+ 22. Kh1 h3 23. g3 Bxg3 24. Ndxc6 Bxc6+ 25. Nxc6 bxc6 26. Rxc6 Bd6 27. Rxc7+ Bxc7 28. Qxa6+ Kd7 29. Rd1+ Ke7 30. Bc5+ Kf7 31. Qc4+ Kg7 32. Re1 Rd7 33. Qe6 Rhd8 34. Be7 Rd1 35. Qxf6+ Kh7 36. Qf5+ Kg8 37. Qxg5+ Kh7 38. Qh4+ Kg7 39. Qg4+ Kf7 40. Rxd1 Rxd1+ 41.
Qxd1 Kxe7 42. Qc2 Bd6 43. Qe4+ Kd7 44. a4 h2 45. a5 Kc7 46. a6 Kb6 47. Qb7+ Kc5 48.
a7 Kd4 49. a8=Q Kd3 50. Qd5+ Ke2 51. Qxd6 Kf1 52. Qa1+ Kxf2 53. Qxh2+ Kf3 54. Qf1+ Kg4 55. Qhh3+ Kg5 56. Qff5# 1

[Event "Torneo Nuevo Centro. Jornada 10"]
[Site "Chess.com"]
[Date "2020.08.21"]
[Round "6"]
[White "Aguado, Pablo Luis"]
[Black "Escalona Moncholi, Felix"]
[Result "0-1"]
[WhiteElo "1949"]
[BlackElo "2089"]
[TimeControl "180+2"]
[EndTime "11:39:07 PDT"]
[Termination "Victoria de SchachSpielerESP por abandono"]

1. d4 d5 2. c4 dxc4 3. e3 Nf6 4. Bxc4 c5 5. Nf3 e6 6. Nc3 a6 7. a4 Nc6 8. O-O Qc7 9. Qe2 Bd6 10. Rd1 b6 11. b3 O-O 12. Bb2 Bb7 13. d5 exd5 14. Nxd5 Nxd5 15. Bxd5 Rad8 16. Qc4 Na5 17. Qg4 g6 18.
Bxb7 Nxb7 19. Qh4 Be7 20. Qh6 f6 21. Ng5 Bd6 22. Ne6 Qf7 23. Nxf8 Bxf8 24. Qf4 Be7 25. Rxd8+ Bxd8 26. Qb8 Kg7 27. Rd1 Bc7 28. Qc8 Nd6 29. Qxa6 Qxb3 30. Qe2 c4 31. Rc1 Qxa4 32. Qf3 Ne8 33.
Qd5 Qb3 34. Bd4 Nd6 35. Qe6 Nf5 36. Qxf6+ Kh6 37. g4 Qa3 38. Rf1 Qd6 39. Qxd6 Nxd6 40. Rb1 b5 41. Bc5 c3 42. Bxd6 Bxd6 43. Kf1 b4 44.
Ke2 c2 45. Rc1 b3 46. Kd2 b2 47. Kxc2 bxc1=Q+ 48.
Kxc1 Bxh2 49. f3 Kg5 50. Kd2 Bg1 51. Ke2 Bh2 52. Kf2 Bc7 53. Kg2 Kf6 54. Kh3 Bd8 55. Kg3 Ke5 56. e4 Bg5 57. Kg2 Kf4 58. Kf2 Bf6 59. Kg2 Be5 60. Kf2 Bd4+ 61. Kg2 g5 0

[Event "Torneo Nuevo Centro. Jornada 10"]
[Site "Chess.com"]
[Date "2020.08.21"]
[Round "6"]
[White "Macias Pino, Diego"]
[Black "Kovacevic, Slobodan"]
[Result "1-0"]
[WhiteElo "2265"]
[BlackElo "2303"]
[TimeControl "180+2"]
[EndTime "11:39:10 PDT"]
[Termination "Victoria de adivinaquiensoy por tiempo"]

1. e4 c5 2. Nf3 e6 3. d4 cxd4 4. Nxd4 a6 5. c4 Nf6 6. Nc3 Qc7 7. Be2 b6 8. f4 d6 9. O-O Be7 10. Be3 O-O 11. g4 Bb7 12. Qd3 Nbd7 13. g5 Nc5 14.
gxf6 Nxd3 15. fxe7 Qxe7 16. Bxd3 Rac8 17. Rf3 f5 18.
Rh3 g6 19. Re1 fxe4 20. Nxe4 Bxe4 21. Bxe4 Rxc4 22. b3 Rc3 23. Rg3 b5 24. Bf2 Rxg3+ 25. hxg3 Qf6 26. Re2 e5 27. fxe5 dxe5 28. Nf3 Rd8 29.
Kg2 Kg7 30. Be1 Rd4 31. Nxd4 exd4 32. Bf2 Qe5 33. Bd3 Qc5 34. Re4 Kf7 35. Rxd4 Qc3 36. Be4 Qb2 37. a4 bxa4 38. bxa4 a5 39. Bc6 Ke6 40. Bf3 h5 41. Kg1 Ke5 42. Rd5+ Ke6 43.
Rxa5 Qc3 44. Ra6+ Ke5 45. Kg2 Qc4 46. Rxg6 Qxa4 47. Rg5+ Kf6 48. Rxh5 Kg6 49. Rc5 Kf6 50. g4 Kg6 51. Kg3 Qb4 52. Rc6+ Kg7 53. g5 Qd2 54.
Rc5 Qd6+ 55. Kg2 Qd2 56. Be4 Qd6 57. Ra5 1

[Event "Torneo Nuevo Centro. Jornada 10"]
[Site "Chess.com"]
[Date "2020.08.21"]
[Round "6"]
[White "Chofre Murcia, Adrián"]
[Black "Marques Montolio, Luis"]
[Result "0-1"]
[WhiteElo "1641"]
[BlackElo "1449"]
[TimeControl "180+2"]
[EndTime "11:39:11 PDT"]
[Termination "Victoria de ateneomaritimo por tiempo"]

1. e4 d5 2. exd5 Qxd5 3. Nc3 Qa5 4. Nf3 c6 5. d4 Bf5 6. Bd2 e6 7. Be2 Qc7 8. O-O Nf6 9. g3 Bd6 10. Nh4 Bg6 11. Nxg6 hxg6 12. Bf3 Nbd7 13. d5 cxd5 14. Nb5 Qc6 15. Nxd6+ Qxd6 16. a3 a5 17. Bf4 Qc6 18. Re1 O-O 19. c3 b6 20. Qd4 Rac8 21. Rac1 Rfe8 22. Be5 Nxe5 23. Qxe5 Qc7 24. Qd4 Qc5 25. Qd2 b5 26. b4 axb4 27. cxb4 Qb6 28.
Rxc8 Rxc8 29. Rc1 Rxc1+ 30. Qxc1 Qd4 31. Qe3 Qa1+ 32. Kg2 Kh7 33. Qd3 Qb2 34. h3 Qa2 35. Qxb5 Qxa3 36. Qa5 Qc3 37. Qc5 d4 38. Qxc3 dxc3 39.
Bd1 Nd5 40. b5 f5 41. Kf3 g5 42. Ke2 Kg6 43. Bb3 Nc7 44. b6 Na6 45. Bc4 Nb8 46. Kd3 Kf6 47. Kxc3 e5 48. f3 f4 49. gxf4 gxf4 50.
h4 Ke7 51. Kd3 Kd6 52. Ke4 Kc6 53. Kxe5 Kxb6 54. Kxf4 Kc5 55. Be6 Kd6 56. Bg4 Ke7 57. Kg5 Nc6 58. Kg6 Kf8 0

[Event "Torneo Nuevo Centro. Jornada 10"]
[Site "Chess.com"]
[Date "2020.08.21"]
[Round "6"]
[White "Salvador Buiza, Victor"]
[Black "Bercaru, Vlad Ionut"]
[Result "1-0"]
[WhiteElo "1891"]
[BlackElo "1753"]
[TimeControl "180+2"]
[EndTime "11:39:20 PDT"]
[Termination "Victoria de TERROROSCURO666 por abandono"]

1. e4 c5 2. Nf3 Nc6 3. Bb5 Nf6 4. d3 a6 5. Bxc6 dxc6 6. O-O Bg4 7. h3 Bxf3 8. Qxf3 e5 9. Bg5 Be7 10. Qe3 Qd4 11. Nc3 h6 12. Bxf6 Bxf6 13. Kh2 b5 14.
Qd2 Bg5 15. Qe2 O-O 16. g3 Qd6 17. h4 Be7 18. f4 exf4 19. Rxf4 Qe5 20. Rf5 Qc7 21. Qg4 Bd6 22. Re1 Be5 23. Ref1 f6 24. Ne2 Rf7 25. Nf4 Bxf4 26. R1xf4 Qd6 27. Qh5 Kh8 28.
Qxf7 Rf8 29. Qh5 Qe7 30. Rxc5 Rf7 31. Rxc6 Qd7 32. Rc8+ Qxc8 33. Qxf7 Kh7 34. Rf2 Qc5 35. Kg2 Qe3 36. Qd5 Qb6 37. Qf5+ Kg8 38. e5 fxe5 39.
Qxe5 Qb7+ 40. Kh2 Qb6 41. Rf1 Kh7 42. Qf5+ Kh8 43. Qf8+ Kh7 44. c3 Qc6 45. d4 Qc4 46. Qf5+ Kh8 47. a3 Qe2+ 48. Qf2 Qc4 49. Qg2 Kh7 50. d5 Qc5 51. Qf3 Kg8 52. Qf7+ Kh7 53.
Qe6 Qc4 54. Qf5+ Kh8 55. d6 Qe2+ 56. Qf2 Qd3 57. Qf8+ Kh7 58. Qf5+ Qxf5 59. Rxf5 Kg6 60. Rd5 Kf6 61. d7 Ke7 62. d8=Q+ Ke6 1

[Event "Torneo Nuevo Centro. Jornada 10"]
[Site "Chess.com"]
[Date "2020.08.21"]
[Round "6"]
[White "Zamora Soler, Raul"]
[Black "Perez Garcia, Jose Miguel"]
[Result "1-0"]
[WhiteElo "1863"]
[BlackElo "2053"]
[TimeControl "180+2"]
[EndTime "11:39:21 PDT"]
[Termination "Victoria de rzamora80 por abandono"]

1. Nf3 Nf6 2. d4 d5 3. e3 c5 4.
b3 g6 5. Bb2 Bg7 6. Nbd2 O-O 7.
Be2 Nc6 8. O-O b6 9. c4 cxd4 10. Nxd4 Nxd4 11. Bxd4 Bb7 12. Bf3 e6 13. Rc1 Qd7 14.
cxd5 Nxd5 15. Bxg7 Kxg7 16. Nc4 Rfd8 17. Ne5 Qd6 18.
Nc4 Qe7 19. Qc2 Rac8 20. Qb2+ Qf6 21. Qxf6+ Kxf6 22. e4 Nf4 23. e5+ Kg7 24. Bxb7 Rb8 25. Bf3 Nd3 26. Rcd1 b5 27. Na5 Nxe5 28. Nc6 Rxd1 29.
Rxd1 Nxf3+ 30. gxf3 Rb7 31. Kf1 a6 32. b4 Rc7 33.
Na5 Rc2 34. a3 Rc3 35. Rd6 Rxf3 36. Rxa6 Rxa3 37. Rb6 Rh3 38. Kg2 Rh5 39. Nb3 Rg5+ 40. Kf1 Rh5 41. Nc5 Rxh2 42. Rxb5 Rh1+ 43. Kg2 Rb1 44.
Rb7 Kf6 45. Nd7+ Kf5 46. b5 h5 47. Nc5 f6 48. b6 h4 49. Rb8 Rb5 50. Nd3 g5 51. b7 e5 52. Ne1 g4 53. Nc2 h3+ 54. Kg3 Rb3+ 55. Ne3+ Ke4 56. Kxg4 h2 57. Rh8 Rxb7 58. Nf5 Rb1 59. f3+ Kd5 60. Rxh2 Rg1+ 61. Kh3 Rg5 62. Ng3 Ke6 63. Re2 f5 64. f4 Rg8 65. Rxe5+ Kf6 66. Rxf5+ Ke6 67. Rg5 Rh8+ 68. Kg4 Kf6 69. Ne4+ Ke6 70. Rg6+ Kf7 71. f5 Rh1 72. Ng5+ Kf8 73. Rb6 Rg1+ 74. Kh5 Ke7 75. Kg6 Rf1 76. Rb7+ Ke8 77. f6 Kd8 78. f7 Kc8 79. Rb3 Kd8 80.
Rf3 Rxf3 81. Nxf3 Ke7 82. Kg7 1

[Event "Torneo Nuevo Centro. Jornada 10"]
[Site "Chess.com"]
[Date "2020.08.21"]
[Round "6"]
[White "Serrano Requena, Guillem"]
[Black "Fente Fernandez, Jose Ignacio"]
[Result "1-0"]
[WhiteElo "1292"]
[BlackElo "1524"]
[TimeControl "180+2"]
[EndTime "11:39:47 PDT"]
[Termination "Victoria de Guily351 por jaque mate"]

1. d4 d5 2. Nf3 c6 3. c4 Bf5 4.
Nc3 dxc4 5. e4 Bg6 6. Bxc4 b5 7.
Nxb5 cxb5 8. Bd5 Nd7 9. Bxa8 Qxa8 10. Qe2 Qxe4 11. Qxe4 Bxe4 12. O-O Bxf3 13. gxf3 Ngf6 14. Kg2 e6 15. Be3 Bd6 16. Rfd1 Nb6 17. Rac1 O-O 18. b3 Nbd5 19. Rc6 Bf4 20. Re1 Bxe3 21. fxe3 a5 22. Rec1 Nxe3+ 23. Kf2 Ned5 24. R6c5 Nf4 25. Ke3 N6d5+ 26. Kd2 a4 27. Rxb5 axb3 28. Rxb3 h6 29. a4 Ra8 30. Ra1 Ng2 31. a5 Nge3 32. a6 Nc4+ 33. Kd3 Ncb6 34. a7 Kf8 35. Rba3 Nf4+ 36.
Ke3 Nc4+ 37. Kxf4 Nxa3 38. Rxa3 Ke7 39. Ke5 f6+ 40. Kf4 g6 41. Ke4 Kd6 42. Ra6+ Ke7 43.
d5 exd5+ 44. Kxd5 g5 45. Kc6 h5 46. Kb7 Re8 47. a8=Q Rxa8 48. Kxa8 g4 49. fxg4 hxg4 50.
Kb7 f5 51. Kc6 Kf6 52. Ra4 Kg5 53. Kd5 f4 54. Ra1 g3 55. hxg3 fxg3 56. Ke4 Kg4 57. Ke3 Kh3 58. Ke2 g2 59. Kf2 Kh2 60. Rg1 Kh3 61.
Rxg2 Kh4 62. Rg1 Kh5 63. Kf3 Kh6 64. Kf4 Kh7 65. Kf5 Kh6 66. Rg2 Kh7 67. Kf6 Kh8 68.
Kf7 Kh7 69. Rh2# 1

[Event "Torneo Nuevo Centro. Jornada 10"]
[Site "Chess.com"]
[Date "2020.08.21"]
[Round "7"]
[White "Buenafe Moya, Javier"]
[Black "Hernández Tomás, Efrén"]
[Result "1-0"]
[WhiteElo "1812"]
[BlackElo "1107"]
[TimeControl "180+2"]
[EndTime "11:42:31 PDT"]
[Termination "Victoria de JavierBuenafeMoya por abandono"]

1. e4 e5 2. Nf3 Nf6 3. Bc4 Bc5 4. d3 d6 5. O-O h6 6. c3 Ng4 7. d4 exd4 8. cxd4 Bb6 9. h3 Nf6 10. Nc3 O-O 11. Qb3 Nc6 12. e5 dxe5 13. dxe5 Nd7 14. Bxf7+ Rxf7 15. e6 Nd4 16. exf7+ 1

[Event "Torneo Nuevo Centro. Jornada 10"]
[Site "Chess.com"]
[Date "2020.08.21"]
[Round "7"]
[White "Valero Martinez, Óscar"]
[Black "Sanchis Bon, Sergi"]
[Result "0-1"]
[WhiteElo "1030"]
[BlackElo "1002"]
[TimeControl "180+2"]
[EndTime "11:42:42 PDT"]
[Termination "Victoria de Sergi_2011 por jaque mate"]

1. e4 Nc6 2. Nf3 Nf6 3. Nc3 e5 4. Bc4 Bc5 5. Ng5 O-O 6. d3 d6 7. Nd5 Bg4 8. Nxf6+ Qxf6 9. Qxg4 Qxf2+ 10. Kd1 Nd4 11.
Re1 Qxc2# 0

[Event "Torneo Nuevo Centro. Jornada 10"]
[Site "Chess.com"]
[Date "2020.08.21"]
[Round "7"]
[White "Kovacevic, Slobodan"]
[Black "Salvador Buiza, Victor"]
[Result "1-0"]
[WhiteElo "2304"]
[BlackElo "1890"]
[TimeControl "180+2"]
[EndTime "11:42:49 PDT"]
[Termination "Victoria de nikko110 por jaque mate"]

1. d4 d5 2. Bf4 Nf6 3. e3 e6 4.
Nd2 Bd6 5. Bg3 O-O 6. Bd3 c5 7.
c3 a6 8. a4 Nc6 9. Ngf3 Bxg3 10. hxg3 b6 11. Ne5 Bb7 12. Bxh7+ Kh8 13. Qf3 g6 14. Bxg6+ Kg7 15. Qf4 Ng8 16. Rh7# 1

[Event "Torneo Nuevo Centro. Jornada 10"]
[Site "Chess.com"]
[Date "2020.08.21"]
[Round "7"]
[White "Conejero Martínez, Víctor"]
[Black "Valverde Alcaide, Miguel Alejandro"]
[Result "1-0"]
[WhiteElo "1408"]
[BlackElo "909"]
[TimeControl "180+2"]
[EndTime "11:43:28 PDT"]
[Termination "Victoria de Camelocota20 por abandono"]

1. d4 d5 2. c4 dxc4 3. e3 e6 4.
Bxc4 Bd7 5. Nc3 b5 6. Bxb5 Bxb5 7.
Nxb5 Bb4+ 8. Bd2 Qd5 9. Nxc7+ Kd8 10. Nxd5 Bxd2+ 11. Qxd2 exd5 12. Qa5+ Ke8 13. Qxd5 Nf6 14. Qxa8 Ke7 15. Qxa7+ Nfd7 16. Nf3 Nc6 17. Qa3+ Kf6 18.
Rc1 Ne7 19. Qd6+ Kf5 20. Qxd7+ Kf6 21. Rc7 1

[Event "Torneo Nuevo Centro. Jornada 10"]
[Site "Chess.com"]
[Date "2020.08.21"]
[Round "7"]
[White "Leal Uribe, Jhonny Alberto"]
[Black "Conon, Catalin"]
[Result "1-0"]
[WhiteElo "2441"]
[BlackElo "1932"]
[TimeControl "180+2"]
[EndTime "11:43:45 PDT"]
[Termination "Victoria de jhonnyuribe por abandono"]

1. c4 Nf6 2. e3 e6 3. Nf3 d5 4. d4 Be7 5. Nc3 O-O 6. Bd3 c6 7. O-O dxc4 8. Bxc4 b6 9. Qe1 Bb7 10. Qe2 Nbd7 11. Rd1 Qc7 12. e4 c5 13. d5 exd5 14. exd5 Bd6 15. Bg5 Rfe8 16. Qc2 a6 17. a4 h6 18. Bh4 Ng4 19. Bg3 Bxg3 20. hxg3 Nge5 21. d6 Nxf3+ 22. gxf3 Qd8 23. Bd5 Bxd5 24. Nxd5 Nf6 25. Nc7 Qd7 26. Nxa8 Rxa8 27. Qd3 Rd8 28. Qxa6 Qc6 29. a5 Qxf3 30. Qxb6 Rf8 31. Qxc5 Ne4 32. Qe3 Qxe3 33. fxe3 Nxg3 34. d7 Rd8 35. a6 Ne4 36. a7 1

[Event "Torneo Nuevo Centro. Jornada 10"]
[Site "Chess.com"]
[Date "2020.08.21"]
[Round "7"]
[White "Mellado Sais, Carles"]
[Black "Vicent Lázaro, Elena"]
[Result "1-0"]
[WhiteElo "1396"]
[BlackElo "678"]
[TimeControl "180+2"]
[EndTime "11:44:06 PDT"]
[Termination "Victoria de Magnus_carles por jaque mate"]

1. d4 e6 2. c4 c5 3. d5 exd5 4. cxd5 c4 5. e4 Bc5 6. Bxc4 Qf6 7. Nf3 g5 8. Bxg5 Qxf3 9. Qxf3 Bxf2+ 10. Qxf2 f6 11.
Bxf6 Nxf6 12. Qxf6 Rf8 13. Qe5+ Kd8 14. d6 Rf2 15.
Qe7# 1

[Event "Torneo Nuevo Centro. Jornada 10"]
[Site "Chess.com"]
[Date "2020.08.21"]
[Round "7"]
[White "Rabbani Perez, Ayoub "]
[Black "Miranda Calvo, Max Rodrigo"]
[Result "0-1"]
[WhiteElo "392"]
[BlackElo "1355"]
[TimeControl "180+2"]
[EndTime "11:44:17 PDT"]
[Termination "Victoria de bas-max-miranda por jaque mate"]

1. g4 d5 2. Nf3 Bxg4 3. Ng5 h6 4. Nxf7 Kxf7 5. Rg1 Nf6 6. Rxg4 Nxg4 7. f3 Nf6 8. h4 Nbd7 9. f4 e6 10. h5 Bd6 11. e3 Nf8 12. Nc3 N8d7 13. Nxd5 Nxd5 14. e4 Qh4+ 15. Ke2 Nxf4+ 16. Ke3 Qg3+ 17. Kd4 e5+ 18. Kc4 Nb6+ 19. Kb5 c6+ 20. Ka5 Qf2 21. Ba6 Qc5+ 22. Bb5 Qxb5# 0

[Event "Torneo Nuevo Centro. Jornada 10"]
[Site "Chess.com"]
[Date "2020.08.21"]
[Round "7"]
[White "Serarols Mabras, Bernat"]
[Black "Sos Andreu, Eric"]
[Result "1-0"]
[WhiteElo "2460"]
[BlackElo "2513"]
[TimeControl "180+2"]
[EndTime "11:45:18 PDT"]
[Termination "Victoria de bernatserarols por abandono"]

1. d4 Nf6 2. c4 g6 3. Nf3 Bg7 4. e3 O-O 5. Be2 d6 6. Nc3 Nbd7 7. O-O e5 8. Qc2 Re8 9. Rd1 c6 10. b3 e4 11. Nd2 Qe7 12. b4 Nf8 13. a4 h5 14. Ba3 N8h7 15. Rdc1 Ng5 16. Qd1 Bg4 17. h3 Bf5 18. Bf1 Qe6 19. a5 Nxh3+ 20. gxh3 Bxh3 21. Bxh3 Qxh3 22. Qf1 Qh4 23. Qg2 Re6 24. b5 Bh6 25. Qh2 Qg4+ 26. Qg2 Qf5 27. a6 bxa6 28. bxc6 Rae8 29. d5 Re5 30. Bxd6 Ng4 31. Bxe5 Nxe5 32.
Ncxe4 Bf8 33. c7 Qd7 1

[Event "Torneo Nuevo Centro. Jornada 10"]
[Site "Chess.com"]
[Date "2020.08.21"]
[Round "7"]
[White "Perez Garcia, Jose Miguel"]
[Black "Aguado, Pablo Luis"]
[Result "1-0"]
[WhiteElo "2059"]
[BlackElo "1942"]
[TimeControl "180+2"]
[EndTime "11:45:34 PDT"]
[Termination "Victoria de PEREZOV69 por abandono"]

1. Nf3 d5 2. c4 e6 3. g3 Nf6 4.
Bg2 c5 5. O-O Nc6 6. d4 cxd4 7.
Nxd4 Bc5 8. Nb3 Bb6 9. N1d2 O-O 10. e3 Qe7 11. Qe2 Rd8 12. Rd1 a5 13. cxd5 exd5 14.
Nf3 a4 15. Nbd4 Nxd4 16. Nxd4 Bxd4 17. Rxd4 Be6 18. Qd1 Qe8 19. Bd2 b5 20. Bb4 Rac8 21. Rc1 Rxc1 22. Qxc1 Rc8 23. Qd1 Qc6 24. Bc3 h6 25.
Rh4 Nd7 26. Qd4 f6 27. e4 dxe4 28. Rxe4 Bf7 29. Re8+ Bxe8 30. Bxc6 Rxc6 31. Qd5+ 1

[Event "Torneo Nuevo Centro. Jornada 10"]
[Site "Chess.com"]
[Date "2020.08.21"]
[Round "7"]
[White "Blanco Solaz, Ramón"]
[Black "Donate Moreno, Silvia"]
[Result "0-1"]
[WhiteElo "1992"]
[BlackElo "1864"]
[TimeControl "180+2"]
[EndTime "11:45:42 PDT"]
[Termination "Victoria de monetesSAL por abandono"]

1. g3 g6 2. c4 Bg7 3. Nc3 e5 4. Bg2 d6 5. d3 f5 6. Nf3 Nf6 7.
Bg5 h6 8. Bxf6 Qxf6 9. e3 O-O 10.
O-O c6 11. Rc1 Be6 12. b4 a6 13.
a4 Qf7 14. b5 axb5 15. axb5 Nd7 16. bxc6 bxc6 17. Ne1 d5 18. cxd5 cxd5 19. Nc2 Rfc8 20. Nb4 Nb6 21. Nb5 Qd7 22. Nc3 e4 23. d4 Bf8 24.
Qb3 Nc4 25. Rfd1 Rab8 26. Nca2 Qb7 27. Rb1 Bd7 28. Bf1 Qa7 29. Bxc4 dxc4 30. Qc2 Ba4 31. Qxc4+ 0

[Event "Torneo Nuevo Centro. Jornada 10"]
[Site "Chess.com"]
[Date "2020.08.21"]
[Round "7"]
[White "Martínez Escandell, Alfonso"]
[Black "Chernikov, Vladimir"]
[Result "0-1"]
[WhiteElo "1886"]
[BlackElo "2223"]
[TimeControl "180+2"]
[EndTime "11:45:44 PDT"]
[Termination "Victoria de isla88 por jaque mate"]

1. e4 d6 2. Bc4 c6 3. Qf3 Nf6 4. Nc3 Nbd7 5. Nge2 Ne5 6. Bxf7+ Nxf7 7. O-O Bg4 8. Qg3 Qd7 9. f3 Be6 10. d4 Bc4 11. Re1 Bxe2 12. Rxe2 e5 13. dxe5 Nxe5 14. f4 Ng6 15. e5 dxe5 16. fxe5 Bc5+ 17. Kh1 Nh5 18.
Qf3 Rf8 19. Qxf8+ Kxf8 20. e6 Qd4 21. Be3 Qc4 22. Rf1+ Kg8 23. Bxc5 Qxc5 24. Rf7 Re8 25. Rxb7 Ngf4 26. Re1 Qf2 27. Rg1 Rxe6 28. Rxa7 Ng3+ 29.
hxg3 Rh6# 0

[Event "Torneo Nuevo Centro. Jornada 10"]
[Site "Chess.com"]
[Date "2020.08.21"]
[Round "7"]
[White "Mangues Rubia, Alex"]
[Black "Montesinos Diaz, Luis"]
[Result "0-1"]
[WhiteElo "1553"]
[BlackElo "1876"]
[TimeControl "180+2"]
[EndTime "11:46:03 PDT"]
[Termination "Victoria de Gwiso_06 por abandono"]

1. d4 Nf6 2. Bf4 d6 3. Nc3 g6 4. e4 Bg7 5. Qd2 O-O 6. O-O-O a6 7. Bh6 b5 8. f3 b4 9. Nce2 a5 10. h4 Be6 11. h5 Bxa2 12. g4 Nbd7 13. Bxg7 Kxg7 14. hxg6 fxg6 15. Qh6+ Kg8 16. g5 Nh5 17. Ng3 Rf7 18. Nxh5 gxh5 19. b3 a4 20. Bc4 Qf8 21. Bxf7+ Qxf7 22. Qxh5 Qxh5 23. Rxh5 axb3 24. cxb3 Bxb3 25.
Rd3 Bc4 26. Rd1 c5 27. dxc5 Nxc5 28. Rh2 Ra1+ 29. Kd2 Ra2+ 30. Ke3 Rxh2 31. Rc1 Bb5 32. f4 b3 33. f5 b2 34. Rb1 Bd3 0

[Event "Torneo Nuevo Centro. Jornada 10"]
[Site "Chess.com"]
[Date "2020.08.21"]
[Round "7"]
[White "Grigorev, Artur "]
[Black "Fitzpatrick Dimas  , Andrew "]
[Result "0-1"]
[WhiteElo "915"]
[BlackElo "1033"]
[TimeControl "180+2"]
[EndTime "11:46:25 PDT"]
[Termination "Victoria de Andrewlito por tiempo"]

1. e4 e5 2. Nf3 Nc6 3. Bc4 Bc5 4. b4 Bxb4 5. c3 Bc5 6. d4 exd4 7. O-O dxc3 8. Bxf7+ Kxf7 9. Qd5+ Ke8 10. Qxc5 d6 11.
Qxc3 Nf6 12. e5 Ne4 13. exd6 Nxc3 14. Re1+ Kf8 15. Bf4 Nxb1 16. dxc7 Qf6 17. Raxb1 Qxf4 18. Rb3 Na5 19. Rb5 Nc6 20. Rd1 Bg4 21. Rbd5 Qxc7 22. h3 Bxf3 23. gxf3 h5 0

[Event "Torneo Nuevo Centro. Jornada 10"]
[Site "Chess.com"]
[Date "2020.08.21"]
[Round "7"]
[White "Aymerich Rosell, Pablo"]
[Black "Nadal Fajardo, Ricard"]
[Result "1-0"]
[WhiteElo "1999"]
[BlackElo "2208"]
[TimeControl "180+2"]
[EndTime "11:46:26 PDT"]
[Termination "Victoria de jasikevic por tiempo"]

1. e4 c6 2. d4 d5 3. e5 Bf5 4.
Nf3 e6 5. Be2 c5 6. Be3 cxd4 7. Nxd4 Ne7 8. O-O Nbc6 9. Bb5 Bg6 10. Nd2 a6 11. Bxc6+ Nxc6 12. f4 Bc5 13. c3 Nxd4 14. cxd4 Ba7 15. Rc1 O-O 16. g4 Bd3 17.
Rf3 Qh4 18. Rg3 Rfc8 19. Rxc8+ Rxc8 20. Nf3 Qe7 21. Qxd3 Qb4 22. Qd2 Qa4 23. b3 Qa3 24.
f5 Bb6 25. f6 Ba5 26. Qf2 g6 27. Rh3 1

[Event "Torneo Nuevo Centro. Jornada 10"]
[Site "Chess.com"]
[Date "2020.08.21"]
[Round "7"]
[White "Polikarpov, Anton"]
[Black "Chofre Murcia, Adrián"]
[Result "1-0"]
[WhiteElo "1341"]
[BlackElo "1618"]
[TimeControl "180+2"]
[EndTime "11:46:43 PDT"]
[Termination "Victoria de AntonPolikarpov por abandono"]

1. e4 e5 2. Nf3 Nc6 3. Bc4 Bc5 4.
d3 d6 5. h3 h6 6. O-O Nf6 7. Be3 Bb6 8. d4 exd4 9. Nxd4 Bxd4 10. Bxd4 Nxd4 11. Qxd4 O-O 12. e5 dxe5 13. Qxe5 Re8 14.
Qg3 Qd4 15. Bb3 Qxb2 16. Nc3 Qa3 17. Nd5 Nxd5 18. Bxd5 Qxg3 19. fxg3 c6 20. Bxf7+ Kf8 21. Bxe8+ Kxe8 22. Rae1+ Kd7 23. Rf7+ Kd6 24. Rxg7 Be6 25. Rg6 Re8 26. g4 Kd7 27. Rxh6 Bxa2 28. Rxe8 Kxe8 29. Rh8+ Kd7 30. Rh7+ Kc8 31. g5 a5 32. g6 a4 33. g7 a3 34. Rh8+ Kc7 35. g8=Q Bxg8 36. Rxg8 b5 37. Ra8 b4 38. Kf2 Kb7 39. Ra4 Kb6 40.
Rxb4+ Ka5 41. Rb1 Ka4 42. Ke2 a2 43. Ra1 Ka3 44. h4 Kb2 45. Rxa2+ Kxa2 46. h5 Kb2 47. Kd3 c5 48. h6 Kc1 49. h7 Kd1 50. h8=Q Ke1 51.
Qh1+ Kf2 52. Qh3 c4+ 53. Kd2 c3+ 54. Kxc3 Kg1 55. g3 Kf2 56. Qh2+ Kf3 57. Kd4 Kg4 58. Qh4+ Kf3 59. Qf4+ Kg2 60. g4 Kh3 61. g5 Kg2 62. g6 1

[Event "Torneo Nuevo Centro. Jornada 10"]
[Site "Chess.com"]
[Date "2020.08.21"]
[Round "7"]
[White "Beneyto de Ramon, Guillermo"]
[Black "Yuste Valenzuela, Alejandro"]
[Result "1-0"]
[WhiteElo "1664"]
[BlackElo "1861"]
[TimeControl "180+2"]
[EndTime "11:47:02 PDT"]
[Termination "Victoria de GUILLETE por abandono"]

1. c4 e5 2. Nc3 Nc6 3. g3 f5 4. Bg2 Nf6 5. d3 Bb4 6. Nf3 Bxc3+ 7. bxc3 O-O 8. O-O d6 9. Bg5 Qe8 10. e3 e4 11. Nd4 Nxd4 12. cxd4 Qg6 13. Bxf6 Rxf6 14.
dxe4 fxe4 15. Qc2 Bf5 16. Rab1 Qh5 17. Rxb7 Rh6 18. h4 g5 19. Bxe4 Be6 20. Bg2 gxh4 21. Rb5 Qg4 22. Bxa8 hxg3 23. fxg3 Qh5 24. Rxh5 1

[Event "Torneo Nuevo Centro. Jornada 10"]
[Site "Chess.com"]
[Date "2020.08.21"]
[Round "7"]
[White "Ortiz Benavent, Alba"]
[Black "Gukasov, Artem"]
[Result "0-1"]
[WhiteElo "1204"]
[BlackElo "1459"]
[TimeControl "180+2"]
[EndTime "11:47:31 PDT"]
[Termination "Victoria de ArtemGukasov por jaque mate"]

1. d4 Nf6 2. Nf3 g6 3. Bf4 Bg7 4. e3 d6 5. Be2 Nh5 6. Bg3 Nxg3 7.
hxg3 O-O 8. Ng5 h6 9. Nf3 e5 10. c3 f5 11. dxe5 dxe5 12. Na3 e4 13. Qxd8 Rxd8 14. Nd4 Bxd4 15. cxd4 Kg7 16. Rc1 c6 17. Nc4 Be6 18. b3 Bxc4 19. Bxc4 Nd7 20. Ke2 Nb6 21. Rc2 Nxc4 22. Rxc4 h5 23. Rc5 Rd6 24. Re5 Kf6 25. Rc1 Rad8 26. a3 Rd5 27. Rxd5 Rxd5 28. Rc5 Rxc5 29.
dxc5 Ke6 30. Kd2 Kd5 31. b4 Kc4 32. Kc2 b6 33. cxb6 axb6 34. f3 g5 35. f4 gxf4 36. gxf4 h4 37. Kb2 Kd3 38. Kb3 Kxe3 39. Kc3 Kf2 40.
Kd4 e3 41. Ke5 e2 42. Kxf5 e1=Q 43. Kg5 Kxg2 44. f5 h3 45. f6 h2 46. f7 Qf1 47.
Kg6 h1=Q 48. Kg7 Qh4 49. f8=Q Qxf8+ 50. Kxf8 Qg3 51. a4 Qa3 52. a5 bxa5 53. Kf7 Qxb4 54.
Kg6 a4 55. Kf5 a3 56. Kg6 a2 57. Kh7 a1=Q 58. Kh6 Qae1 59. Kh5 Qg3 60. Kh6 Qbh4# 0